 Dungeon Crawl Stone Soup version 0.30-a0-381-g6ea064c7b4 (webtiles) character file.

Game seed: 17569804671356673687

51 bande the Shield-Bearer (level 3, -11/24 HPs)
             Began as a Gargoyle Fighter on Dec 1, 2022.
             Mangled by Terence
             ... wielding a +0 mace
              (12 damage)
             ... on level 2 of the Dungeon.
             The game lasted 00:01:43 (975 turns).

bande the Shield-Bearer (Gargoyle Fighter)           Turns: 975, Time: 00:01:44

Health: -11/24     AC: 10    Str: 19    XL:     3   Next: 81%
Magic:  3/3        EV:  9    Int:  8    God:
Gold:   128        SH:  4    Dex: 11    Spells: 2/2 levels left

rFire   . . .      SeeInvis .    a - +0 war axe
rCold   . . .      Faith    +    c - +0 buckler
rNeg    + . .      Spirit   .    b - +0 scale mail
rPois   ∞          Reflect  .    (helmet restricted)
rElec   +          Harm     .    (no cloak)
rCorr   .          Rampage  .    (no gloves)
Will    .....                    (no boots)
Stlth   ..........               l - amulet of faith
HPRegen 0.00/turn                (no ring)
MPRegen 0.08/turn                (no ring)

@: inhibited regen
A: sickness immunity, AC +3, negative energy resistance 1, electricity
resistance, torment resistance 1, petrification resistance, hooves 1, horns 1,
inhibited regeneration
a: no special abilities


You were on level 2 of the Dungeon.
You visited 1 branch of the dungeon, and saw 2 of its levels.

You collected 128 gold pieces.

Inventory:

Hand Weapons
 a - a +0 war axe (weapon)
Armour
 b - a +0 scale mail (worn)
 c - a +0 buckler (worn)
Jewellery
 l - an amulet of faith (around neck)
Scrolls
 e - 3 scrolls of identify {unknown}
 f - a scroll of vulnerability {unknown}
 g - a scroll of magic mapping {unknown}
 i - a scroll of noise {unknown}
 j - a scroll of enchant armour {unknown}
 k - a scroll of immolation {unknown}
Potions
 d - 3 potions of might
 h - a potion of mutation
 m - a potion of degeneration {unknown}


   Skills:
 + Level 3.8 Fighting
 + Level 2.3 Axes
 + Level 3.7 Armour
 + Level 3.8 Shields


You had 2 spell levels left.
You didn't know any spells.
Your spell library was empty.

Dungeon Overview and Level Annotations

Branches:
Dungeon (2/15)

Altars:

Annotations:
D:2 Terence


Innate Abilities, Weirdness & Mutations

You are immune to sickness and miasma.
Your stone body is resilient. (AC +3)
You are immune to poison.
You resist negative energy. (rN+)
You are resistant to electric shocks. (rElec)
You are resistant to unholy torment.
You are immune to petrification.
You have large cloven feet.
You have a pair of small horns on your head.
You do not regenerate when monsters are visible.


Message History

Terence hits you but does no damage.
You barely miss Terence. Terence hits you with a +0 mace. x2
You closely miss Terence. You block Terence's attack.
Terence hits you with a +0 mace.
You are too injured to fight recklessly!
You are too injured to fight recklessly!
You are too injured to fight recklessly!
You are too injured to fight recklessly!
You are too injured to fight recklessly!
You are too injured to fight recklessly!
You are too injured to fight recklessly!
You closely miss Terence. Terence hits you but does no damage.
Terence completely misses you.
You hit Terence.
Terence is lightly wounded.
Terence barely misses you. Terence hits you with a +0 mace!
* * * LOW HITPOINT WARNING * * *
You closely miss Terence.
Terence is lightly wounded.
Terence barely misses you. Terence completely misses you.
Terence barely misses you.
You barely miss Terence.
Terence is lightly wounded.
Terence closely misses you. Terence hits you but does no damage.
You slash Terence!
Terence is heavily wounded.
You block Terence's attack. Terence hits you with a +0 mace.
* * * LOW HITPOINT WARNING * * *
You slash Terence!
Terence is severely wounded.
Terence hits you with a +0 mace.
* * * LOW HITPOINT WARNING * * *
You block Terence's attack.
Unknown command.
It was a potion of mutation.
You feel extremely strange.
Your feet thicken and deform.
A pair of horns grows on your head!
Your regeneration stops near monsters.
Terence hits you with a +0 mace!
Ouch! That really hurt!
You die...

#.####..####..#.
#..##......#..#.
###....#.#.......
#.....##...##...#
#.##......^...)..
##.#####..........
#..# #.#..#...#.
#.## ..........#.
#@# ..#######..#.
#.@# .[. ##...
#.#h .# ##.. ..
.## ... $. ..#.
... ..### ### ...


You could see Terence (berserk) and a jackal.

Vanquished Creatures
  An adder (D:2)
  A gnoll (D:1)
  5 bats
  An endoplasm (D:1)
  A giant cockroach (D:2)
  5 hobgoblins
  3 jackals (D:2)
  2 kobolds
  3 ball pythons
  2 frilled lizards
  3 goblins
  6 rats
33 creatures vanquished.

Notes
Turn   | Place    | Note
-------+----------+-------------------------------------------
     0 | D:1      | bande the Gargoyle Fighter began the quest for the Orb.
     0 | D:1      | Reached XP level 1. HP: 14/14 MP: 1/1
   161 | D:1      | Reached XP level 2. HP: 19/19 MP: 2/2
   422 | D:1      | Reached XP level 3. HP: 24/24 MP: 3/3
   955 | D:2      | Noticed Terence
   974 | D:2      | HP: 1/24 [Terence/+0 mace (3)]
   975 | D:2      | Gained mutation: You have large cloven feet. [potion of
                  | mutation]
   975 | D:2      | Gained mutation: You have a pair of small horns on your
                  | head. [potion of mutation]
   975 | D:2      | Gained mutation: You do not regenerate when monsters are
                  | visible. [potion of mutation]
   975 | D:2      | Mangled by Terence

Illustrated notes

Levels and vault maps discovered:
D:1:      wander_arrival_chamber, layout_basic, minmay_hedge_maze,
          minmay_stone_trees_small
D:2:      layout_rooms, uniq_terence

Skill      XL: |  1  2 |
---------------+-------+-----
Axes           | 2 |  2.3
Fighting       | |  3.8
Armour         | |  3.7
Shields        | |  3.8

Action                   || total
-------------------------++-------
Melee: War axe           ||    90
  Use: Potion            ||     1
Armor: Scale mail        ||    44
Dodge: Dodged            ||    47
Block: Buckler           ||    24

Table legend: (Time is in decaauts)
 A = Elapsed time spent in this place.
 B = Non-inter-level travel time spent in this place.
 C = Inter-level travel time spent in this place.
 D = Time resting spent in this place.
 E = Time spent auto-exploring this place.
 F = Levels seen in this place.
 G = Mean time per level.
                   A        B        C        D        E       F      G
               +--------+--------+--------+--------+--------+-----+--------+
         Total |   1013 |    953 |     60 |      0 |    715 |   2 |  506.5 |
       Dungeon |   1013 |    953 |     60 |      0 |    715 |   2 |  506.5 |
               +--------+--------+--------+--------+--------+-----+--------+

Top non-repeatable levels by time:
     D:1: 756 daAuts
     D:2: 257 daAuts
